 Dungeon Crawl Stone Soup version 0.30-a0-924-g0ad0bf95bc (webtiles) character file.

Game seed: 6297423528339978660

592176 NinjaNoafa the Ruinous (level 25, -18/141 HPs)
             Began as a Purple Draconian Conjurer on Mar 20, 2023.
             Was the Champion of Vehumet.
             Killed from afar by a lich (29 damage)
             ... with a bolt of cold
             ... on level 6 of the Abyss on Mar 23, 2023.
             The game lasted 06:28:27 (73094 turns).

NinjaNoafa the Ruinous (Purple Draconian Conjurer) Turns: 73094, Time: 06:28:28

Health: -18/141    AC: 25    Str: 14 (15) XL:     25   Next: 70%
Magic:  4/30       EV: 17    Int: 29      God:    Vehumet [******]
Gold:   4809       SH: 19    Dex:  5      Spells: 3/56 levels left

rFire   + + +      SeeInvis +    a - staff of conjuration
rCold   . . .      Faith    .    v - +3 kite shield {AC+3}
rNeg    + + +      Spirit   .    (body armour unavailable)
rPois   +          Reflect  .    D - +2 hat {Will+}
rElec   +          Rampage  .    y - +2 cloak {rCorr}
rCorr   +                        d - +2 pair of gloves of Theory {+Inv rC+}
Will    ++++.                    n - +1 pair of boots of the Monkey's Uncle {rF+ rC+}
Stlth   +                        f - amulet of magic regeneration
HPRegen 0.00/turn                P - ring "Gaisas" {rPois rF+ rN++ EV+5 Dex-5}
MPRegen 0.62/turn                V - ring "Plog" {rElec rF+ rN+ Str+6 Int+6 Dex-2}

@: sick, inhibited regen, hasted, studying 2 skills, invisible, unable to read,
unable to drink, very quick
A: breathe power, AC +12, unfitting armour, cold-blooded, large bone plates 1,
see invisible, agile 1, deterioration 1, evolution 1, subdued magic 1, [clumsy
2], [dopey 1], frail 1[+2], [low MP 3], [screaming 2], [inhibited regeneration],
[weak 1], [no potion heal 2], [cold vulnerability 2], [inability to drink after
injury 2], [inability to read after injury 2]
}: 4/15 runes: barnacled, slimy, silver, gossamer
a: Breathe Dispelling Energy, Renounce Religion, Evoke Invisibility


You were on level 6 of the Abyss.
You worshipped Vehumet.
Vehumet was exalted by your worship.
You visited 12 branches of the dungeon, and saw 50 of its levels.
You visited the Abyss 3 times.
You visited 1 bazaar.
You also visited: Trove, Ossuary and Gauntlet.

You collected 9162 gold pieces.
You spent 4353 gold pieces at shops.

Inventory:

Missiles
 h - 15 javelins
 B - 12 throwing nets
 O - 16 curare-tipped darts
 Q - 5 boomerangs of dispersal
 W - 6 silver javelins
Armour
 d - the +2 pair of gloves of Theory (worn) {+Inv rC+}
   (You acquired it on level 1 of the Vaults)

   rC:        It protects you from cold.
   +Inv:      It lets you turn invisible.
 n - the +1 pair of boots of the Monkey's Uncle (worn) {rF+ rC+}
   (You bought it in a shop on level 2 of the Orcish Mines)

   rF:        It protects you from fire.
   rC:        It protects you from cold.
 v - a +3 kite shield of protection (worn)
 y - a +2 cloak of preservation (worn)
 D - a +2 hat of willpower (worn)
Magical Staves
 a - a staff of conjuration (weapon)
 b - a staff of fire
Jewellery
 f - an amulet of magic regeneration (around neck)
 P - the ring "Gaisas" (left hand) {rPois rF+ rN++ EV+5 Dex-5}
   (You took it off a deep elf high priest on level 3 of the Elven Halls)

   [ring of evasion]

   EV:        It affects your evasion (+5).
   Dex:       It affects your dexterity (-5).
   rF:        It protects you from fire.
   rPois:     It protects you from poison.
   rN:        It greatly protects you from negative energy.
 V - the ring "Plog" (right hand) {rElec rF+ rN+ Str+6 Int+6 Dex-2}
   (You found it in a Gauntlet)

   [ring of strength]

   Str:       It affects your strength (+6).
   Int:       It affects your intelligence (+6).
   Dex:       It affects your dexterity (-2).
   rF:        It protects you from fire.
   rElec:     It insulates you from electricity.
   rN:        It protects you from negative energy.
Wands
 g - a wand of mindburst (6)
 t - a wand of digging (9)
 x - a wand of light (6)
 C - a wand of paralysis (42)
 I - a wand of polymorph (43)
 S - a wand of roots (27)
Scrolls
 c - 4 scrolls of fear
 i - 7 scrolls of teleportation
 j - 7 scrolls of immolation
 m - 7 scrolls of fog
 w - 8 scrolls of poison
 F - 7 scrolls of silence
 K - 5 scrolls of vulnerability
 N - 7 scrolls of magic mapping
 R - 6 scrolls of torment
Potions
 e - 3 potions of brilliance
 k - 12 potions of might
 p - 9 potions of curing
 u - 2 potions of invisibility
 z - 6 potions of lignification
 A - 4 potions of berserk rage
 G - 2 potions of haste
 H - a potion of cancellation
 J - 5 potions of flight
 L - 11 potions of attraction
 M - 2 potions of resistance
 T - 10 potions of mutation
Miscellaneous
 l - a condenser vane (inert)
 o - a phantom mirror
 U - a lightning rod (4/4)
 X - a phial of floods
 Y - a tin of tremorstones (2/2)
 Z - a box of beasts


   Skills:
 - Level 12.0 Fighting
 - Level 2.9 Staves
 - Level 10.2 Throwing
 - Level 12.0 Dodging
 - Level 1.7 Stealth
 - Level 16.0 Shields
 - Level 16.3 Spellcasting
 - Level 22.0 Conjurations
 - Level 6.0 Hexes
 - Level 8.0 Translocations
 - Level 4.0 Transmutations
 - Level 22.0 Fire Magic
 - Level 4.0 Ice Magic
 + Level 19.4 Air Magic
 - Level 12.0 Evocations


You had 3 spell levels left.
You knew the following spells:

 Your Spells              Type           Power      Damage    Failure   Level
a - Chain Lightning       Conj/Air       52%        3d70      16%         9
b - Ignition              Fire           43%        3d12      1%          8
c - Fire Storm            Conj/Fire      54%        8d14      9%          9
d - Passage of Golubria   Tloc           52%        N/A       1%          4
e - Yara's Violent Unrav  Hex/Tmut       20%        3d9       2%          5
f - Iskenderun's Mystic   Conj/Tloc      91%        2d18      1%          4
g - Orb of Destruction    Conj           54%        9d14      1%          7
h - Starburst             Conj/Fire      54%        6d15      1%          6
j - Magic Dart            Conj           100%       1d8       0%          1

Your spell library contained the following spells:

 Spells                   Type           Power      Damage    Failure   Level
 Polar Vortex             Ice            18%        N/A       100%        9
 Foxfire                  Conj/Fire      100%       2x1d9     0%          1
 Kiss of Death            Conj/Necr      100%       2d13      0%          1
 Shock                    Conj/Air       100%       1d9       0%          1
 Searing Ray              Conj           100%       2d8       0%          2
 Static Discharge         Conj/Air       100%       2-7/arc   0%          2
 Dazzling Flash           Conj/Hex       100%       N/A       0%          3
 Hailstorm                Conj/Ice       85%        3d17      0%          3
 Inner Flame              Hex/Fire       69%        N/A       0%          3
 Kindle Blastsparks       Fire/Tloc/Air  100%       2d18      0%          3
 Mephitic Cloud           Conj/Pois/Air  88%        N/A       0%          3
 Swiftness                Air            81%        N/A       0%          3
 Apportation              Tloc           100%       N/A       1%          1
 Slow                     Hex            100%       N/A       1%          1
 Sting                    Tmut/Pois      100%       1d8       1%          1
 Cigotuvi's Dreadful Rot  Necr/Pois/Air  94%        N/A       1%          2
 Poisonous Vapours        Pois/Air       100%       N/A       1%          2
 Wereblood                Tmut           36%        N/A       1%          2
 Confusing Touch          Hex            45%        N/A       1%          3
 Gell's Gravitas          Tloc           52%        N/A       1%          3
 Ignite Poison            Fire/Tmut/Pois 54%        N/A       1%          3
 Portal Projectile        Hex/Tloc       98%        N/A       1%          3
 Summon Guardian Golem    Hex/Summ       31%        N/A       1%          3
 Teleport Other           Tloc           52%        N/A       1%          3
 Tukima's Dance           Hex            45%        N/A       1%          3
 Vhi's Electric Charge    Tloc/Air       100%       N/A       1%          3
 Necrotise                Necr           72%        1d7       2%          1
 Summon Small Mammal      Summ           72%        N/A       2%          1
 Call Imp                 Summ           18%        N/A       3%          2
 Call Canine Familiar     Summ           18%        N/A       8%          3
 Vampiric Draining        Necr           18%        2d7       8%          3
 Airstrike                Air            40%        2d(6-22)  0%          4
 Flame Wave               Conj/Fire      100%       2d21      0%          4
 Sticky Flame             Conj/Fire      100%       2d11      0%          4
 Arcjolt                  Conj/Air       52%        1d62      0%          5
 Fireball                 Conj/Fire      54%        3d21      0%          5
 Iskenderun's Battlesphe  Conj           100%       2d15      0%          5
 Plasma Beam              Fire/Air       42%        2x1d61    0%          5
 Cause Fear               Hex            22%        N/A       1%          4
 Fulminant Prism          Conj/Hex       44%        3d19      1%          4
 Summon Lightning Spire   Summ/Air       57%        N/A       1%          4
 Freezing Cloud           Conj/Ice/Air   45%        6-21      1%          5
 Silence                  Hex/Air        33%        N/A       1%          5
 Conjure Ball Lightning   Conj/Air       52%        3x3d18    1%          6
 Maxwell's Capacitive Co  Air            40%        ∞         1%          8
 Ice Form                 Ice/Tmut       36%        N/A       4%          4
 Spellforged Servitor     Conj/Summ      39%        N/A       7%          7
 Olgreb's Toxic Radiance  Pois           18%        N/A       8%          4
 Blade Hands              Tmut           18%        N/A       14%         5
 Summon Forest            Summ/Tloc      18%        N/A       14%         5
 Dispersal                Tloc           26%        N/A       16%         6
 Storm Form               Tmut/Air       31%        N/A       19%         7
 Lee's Rapid Deconstruct  Erth           9%         3d7*      21%         5
 Summon Mana Viper        Hex/Summ       31%        N/A       22%         5
 Animate Dead             Necr           18%        N/A       28%         4
 Dispel Undead            Necr           18%        3d11      28%         4
 Alistair's Intoxication  Tmut/Pois      18%        N/A       32%         5
 Eringya's Noxious Bog    Tmut/Pois      13%        N/A       43%         6
 Lehudib's Crystal Spear  Conj/Erth      39%        10d10     45%         8
 Agony                    Necr           18%        N/A       61%         5
 Borgnjor's Vile Clutch   Necr/Erth      9%         N/A       61%         5
 Ozocubu's Refrigeration  Ice            18%        4d11      73%         7
 Simulacrum               Ice/Necr       13%        N/A       89%         6
 Statue Form              Tmut/Erth      18%        N/A       89%         6
 Enfeeble                 Hex            22%        N/A       91%         7
 Death Channel            Necr           9%         N/A       99%         6
 Summon Cactus Giant      Summ           9%         N/A       99%         6
 Dragon Form              Tmut           18%        N/A       99%         7
 Discord                  Hex            22%        N/A       100%        8
 Disjunction              Tloc           26%        N/A       100%        8
 Necromutation            Tmut/Necr      13%        N/A       100%        8
 Summon Horrible Things   Summ           9%         N/A       100%        8
 Dragon's Call            Summ           9%         N/A       100%        9
 Shatter                  Erth           9%         3d11*     100%        9


Dungeon Overview and Level Annotations

Branches:
Dungeon (15/15)            Temple (1/1) D:6            Lair (5/5) D:11
 Shoals (4/4) Lair:2       Spider (4/4) Lair:2        Slime (5/5) Lair:5
    Orc (2/2) D:11            Elf (3/3) Orc:2        Vaults (5/5) D:13
  Crypt (0/3) Vaults:2     Depths (4/4) D:15           Hell (visited)
    Zot (1/5) Depths:4    Ossuary (visited)         Gauntlet (visited)
    Dis: Hell:1         Geh: Hell:1         Coc: Hell:1         Tar: Hell:1

Altars:
Ashenzari
Cheibriados
Dithmenos
Elyvilon
Fedhas
Gozag
Hepliaklqana
Kikubaaqudgha
Makhleb
Nemelex Xobeh
Okawaru
Qazlal
Ru
Sif Muna
Trog
Uskayaw
Vehumet
Wu Jian
Xom
Yredelemnul
Zin
The Shining One
Jiyva
Lugonu

Shops:
D:1 [(!   D:6 *   D:12 [   Orc:2 *[[[?   Elf:2 *[(?   Elf:3 (   Shoals:2 [
Depths:3 *

Portals:
Hell: Depths:1 Depths:2 Depths:3 Depths:4
Abyss: D:5 Depths:1 Depths:3 Depths:4
Pandemonium: Depths:2
Ziggurat: Depths:3

Annotations:
D:7 1 runed translucent door, Crazy Yiuf


Innate Abilities, Weirdness & Mutations

You can breathe bolts of dispelling energy.
Your rich purple scales are hard. (AC +12)
You cannot fit into any form of body armour.
You are cold-blooded and may be slowed by cold attacks.
You are partially covered in large bone plates. (SH +4)
You have supernaturally acute eyesight. (SInv)
You are agile. (Dex +4, Str/Int -1)
Your body sometimes deteriorates upon taking damage.
You have hidden genetic potential.
Your spells are a little easier to cast, but a little less powerful.
[You are very clumsy. (Dex -4)]
[You are dopey. (Int -2)]
[You are extremely frail. (-30% HP)]
[Your magical capacity is extremely low. (-30% MP)]
[You frequently scream uncontrollably at your foes.]
[You do not regenerate when monsters are visible.]
[You are weak. (Str -2)]
[Potions cannot restore your health.]
[You are very vulnerable to cold. (rC--)]
[You sometimes lose the ability to drink potions when taking damage.]
[You sometimes lose the ability to read scrolls when taking damage.]


Message History

You resist.
Casting: Passage of Golubria (mildly dangerous; 1% risk of failure)
Confirm with . or Enter, or press ? or * to list all spells.
Aiming: Passage of Golubria (mildly dangerous; 1% risk of failure)
Press: ? - help, Dir - move target
Okay, then.
Unknown command.
The green very ugly thing gurgles horribly!
A thrashing horror comes into view.
You scream at the lich!
An ancient zyme and a lich come into view.
The green very ugly thing gurgles horribly!
The lich shouts!
You hear a roar! x3
A thrashing horror comes into view.
The lich mumbles some strange words.
The lich seems to speed up.
Casting: Passage of Golubria (mildly dangerous; 1% risk of failure)
Confirm with . or Enter, or press ? or * to list all spells.
Aiming: Passage of Golubria (mildly dangerous; 1% risk of failure)
Press: ? - help, Dir - move target, f - you
Okay, then.
Unknown command.
A neqoxec comes into view.
The neqoxec shouts!
A thrashing horror comes into view.
The shadow dragon breathes negative energy at you.
The bolt of negative energy misses you.
Unknown command.
Casting: Passage of Golubria (mildly dangerous; 1% risk of failure)
Confirm with . or Enter, or press ? or * to list all spells.
Aiming: Passage of Golubria (mildly dangerous; 1% risk of failure)
Press: ? - help, Dir - move target A tentacled monstrosity comes into view.
You enter the passage of Golubria.
The thrashing horror roars! x2
The lich points at you and mumbles some strange words.
The bolt of cold hits you!!
You feel threatened and lose the ability to read scrolls!
You feel threatened and lose the ability to drink potions!
You die...

....... ...... #......
...... #......##......
...............
..................X
.v.............X.3... .
.................. .
........@.......... X.
...........L...X.. .... #
#......##......# ..... #.
##......##X..Y..##.....
#........x...X............
........X.∩...DD..........
.................§...x....
........................
####..######.#^..#.....##.


You could see a bone dragon, a shadow dragon (catching breath), a dire elephant
(unable to see you), a lich (fast), 3 thrashing horrors, a large abomination
(wandering, unable to see you), a worldbinder (unable to see you) and a neqoxec
(wandering, unable to see you).

Vanquished Creatures
  the Royal Jelly (Slime:5)
  2 dread liches (Abyss:4)
  2 ancient liches
  Mennas (Vaults:3)
  Vv (Depths:3)
  Sojobo (Vaults:2)
  Boris (Vaults:2)
  Xtahua (Vaults:3)
  3 caustic shrikes (Depths:4)
  6 golden dragons
  Geryon (Hell)
  Nikola (Depths:1)
  A bone dragon (Depths:4)
  The ghost of DeathPants the Warrior, a veteran VSFi of Gozag (Vaults:4)
  Jorgrun (Elf:1)
  3 liches
  A hellephant (Abyss:6)
  4 tentacled monstrosities
  Asterion (Vaults:3)
  8 titans
  Rupert (D:13)
  A walking divine tome (Depths:3)
  2 deep elf blademasters (Elf:3)
  10 tentacled starspawn
  3 deep elf master archers (Elf:3)
  3 shadow dragons
  A kraken (Shoals:4)
  Gastronok (Lair:3)
  A thorn hunter (Abyss:4)
  Agnes (Spider:2)
  3 storm dragons (Vaults:5)
  19 acid blobs
  4 sphinxes
  5 tengu reavers
  Donald (Spider:2)
  11 rockslimes
  Roxanne (Elf:1)
  13 fire giants
  The ghost of jasper the Severer, an adept DsFi of Okawaru (Shoals:4)
  3 daevas (Depths:2)
  The ghost of juan097 the Hand of Fortune, an adept VSMo of Nemelex Xobeh (Spider:3)
  12 azure jellies
  8 deep elf sorcerers
  20 vault wardens
  8 emperor scorpions
  11 frost giants
  2 draconian scorchers (Abyss:5)
  Aizul (Vaults:2)
  2 iron dragons
  2 draconian shifters
  4 ghost moths (Spider:4)
  Louise (Spider:2)
  A spriggan defender (Depths:3)
  A cacodemon (Shoals:4)
  2 orc warlords
  2 reapers (Hell)
  4 angels (Depths:2)
  4 war gargoyles
  2 deep elf elementalists (Elf:3)
  A broodmother (Spider:3)
  14 stone giants
  14 ironbound preservers
  9 very ugly things
  4 deep elf demonologists (Elf:3)
  6 ironbound thunderhulks
  6 quicksilver oozes
  3 vampire knights
  14 deep elf annihilators
  A white draconian (Depths:4)
  2 green draconians (Depths:4)
  A minotaur (Gauntlet)
  2 red draconians (Depths:4)
  A yellow draconian (Depths:4)
  Azrael (Elf:1)
  3 black draconians
  The ghost of Newt the Markskobold, a journeyman KoHu of Hepliaklqana (Lair:2)
  9 starcursed masses
  15 dire elephants
  5 spark wasps
  A purple draconian (Depths:4)
  Snorg (Lair:3)
  A crystal guardian (Vaults:4)
  7 merfolk javelineers
  8 ettins
  An eidolon (Abyss:5)
  3 deep elf death magi
  13 fire dragons
  19 great orbs of eyes
  12 merfolk impalers
  11 deep elf high priests
  3 spriggan zombies
  14 yaktaur captains
  2 hydras
  4 rakshasas
  26 vault guards
  A quicksilver dragon skeleton (Depths:1)
  7 entropy weavers
  3 caustic shrike simulacra (Hell)
  11 ice dragons
  7 merfolk avatars
  7 ogre magi
  2 radroaches
  A peacekeeper (Vaults:4)
  5 spriggan air magi
  The ghost of Zdeegee the Covert, a journeyman DsBr of Dithmenos (Lair:1)
  4 merfolk aquamancers (Shoals:4)
  9 ironbound frosthearts
  2 alligator snapping turtles (Shoals:4)
  10 boulder beetles
  Erica (D:10)
  17 two-headed ogres
  2 death knights (Vaults:2)
  20 death yaks
  4 centaur warriors
  3 satyrs
  7 deep troll shamans
  A hell hog (Abyss:5)
  2 spectral emperor scorpions (Spider:3)
  2 vampire magi
  5 thrashing horrors
  9 deep troll earth magi
  10 tengu warriors
  18 dancing weapons
  5 orc high priests
  5 spriggan berserkers
  7 wretched stars
  Sonja (D:13)
  3 soul eaters (Hell)
  3 sun demons (Depths:1)
  Nergalle (Lair:3)
  17 deep elf knights
  22 hell knights
  8 skysharks
  10 iron trolls
  A shadow wraith (Vaults:2)
  13 skeletal warriors
  2 flayed ghosts
  2 spatial maelstroms (Abyss:6)
  2 fire crabs (Shoals:2)
  A death drake (Gauntlet)
  8 pharaoh ants
  A shadow demon (Hell)
  4 cherubim (Depths:2)
  20 sea snakes
  7 glowing orange brains
  7 orb spiders
  A spark wasp zombie (Depths:1)
  An orange crystal statue (Depths:1)
  2 deep trolls (shapeshifter)
  8 phantasmal warriors
  6 lindwurms
  34 deep trolls
  8 steelbarb worms
  A spriggan simulacrum (Hell)
  13 deep elf archers
  A shadow dragon zombie (Depths:2)
  A golden dragon skeleton (Depths:2)
  10 wizards
  2 spectral wolf spiders (Spider:3)
  12 necromancers
  12 orc knights
  A wolf spider zombie (D:14)
  21 ironbound convokers
  15 deep elf pyromancers
  28 deep elf zephyrmancers
  4 orc sorcerers
  21 harpies
  A shadow dragon skeleton (Depths:1)
  4 draconians (Abyss:5)
  5 shining eyes
  An oklob plant (Lair:3)
  16 manticores
  A frost giant skeleton (Depths:2)
  37 ugly things
  15 large abominations
  8 fauns
  20 wolf spiders
  9 cyclopes
  3 worldbinders (Abyss:5)
  A shining eye (shapeshifter) (Depths:1)
  9 water nymphs
  10 elephants (Lair:3)
  5 moths of wrath
  10 centaur zombies
  4 apocalypse crabs
  A titan simulacrum (Hell)
  5 torpor snails
  3 molten gargoyles (Lair:5)
  10 black mambas
  Maurice (D:13)
  14 vault sentinels
  10 smoke demons
  A water nymph (shapeshifter) (Depths:4)
  4 eyes of devastation
  8 merfolk sirens
  13 cane toads
  17 demonic crawlers
  An unseen horror (shapeshifter) (Elf:3)
  4 orange demons
  2 unseen horrors
  2 gargoyles
  A naga skeleton (Abyss:4)
  An emperor scorpion simulacrum (Hell)
  Maggie (D:6)
  3 hellions
  A komodo dragon (shapeshifter) (Vaults:5)
  3 kobold demonologists
  A bunyip simulacrum (Hell)
  4 freezing wraiths
  An ice devil (Hell)
  A rime drake (shapeshifter) (Elf:1)
  6 rime drakes
  6 tengu conjurers
  15 komodo dragons
  3 trolls
  8 ancient zymes
  2 ghost moth simulacra (Spider:3)
  3 red devils
  38 yaktaurs
  A merfolk (shapeshifter) (Vaults:5)
  A meliai (shapeshifter) (Abyss:5)
  9 meliai
  12 wind drakes
  A tarantella (shapeshifter) (Vaults:2)
  49 merfolk
  A polar bear (shapeshifter) (Depths:4)
  37 tarantellas
  2 wolf spider simulacra (Spider:3)
  18 hornets
  4 polar bears
  12 raiju
  25 blink frogs
  The ghost of AverageBear the Ducker, an amateur OpFi (D:5)
  The ghost of AverageBear the Ducker, an amateur OpFi (D:4)
  12 dream sheep
  A dream sheep (shapeshifter) (Vaults:2)
  11 snapping turtles
  Sigmund (D:6)
  3 air elementals
  44 jumping spiders
  146 slime creatures
  4 vampires
  6 shadows
  2 wraiths (D:11)
  5 wyverns
  24 culicivoras
  19 water elementals
  26 yaks
  3 spriggans
  6 fire elementals
  11 basilisks
  7 neqoxecs
  A fire bat (Shoals:2)
  9 golden eyes (Slime:2)
  A ynoxinul (Abyss:6)
  6 steam dragons
  15 vampire mosquitoes
  44 redbacks
  2 chaos spawn (Abyss:1)
  3 spatial vortices
  2 wargs
  A harpy simulacrum (Hell)
  Menkaure (D:6)
  2 acid dragons
  11 hell hounds
  14 water moccasins
  2 floating eyes (Depths:3)
  A floating eye (shapeshifter) (Vaults:5)
  8 small abominations
  4 black bears
  An ice beast (D:6)
  19 orc warriors
  2 sky beasts (D:8)
  17 wolves
  27 ogres
  8 centaurs
  A phantom (D:4)
  4 earth elementals
  5 necrophages
  12 bullfrogs
  A gnoll sergeant (D:9)
  A kobold brigand (D:6)
  3 scorpions
  A naga simulacrum (Hell)
  An entropy weaver simulacrum (Spider:3)
  4 wights (D:9)
  9 killer bees
  A swamp dragon simulacrum (Hell)
  6 howler monkeys
  A crimson imp (D:13)
  5 lava snakes (Lair:5)
  A hound (D:4)
  A human zombie (D:4)
  A bullfrog zombie (D:4)
  6 jellies
  8 orc priests
  5 sleepcaps
  An iron imp (Abyss:4)
  A boggart zombie (D:14)
  2 iguanas (D:5)
  16 orc wizards
  2 scorpion zombies (D:4)
  4 hell rats (Hell)
  5 mummies
  8 gnolls
  4 adders
  A shadow imp (Abyss:2)
  3 white imps
  An ufetubus (Vaults:1)
  3 adder zombies (D:4)
  4 worms (Spider:4)
  5 dart slugs
  90 orcs
  6 endoplasms
  3 giant cockroaches (D:1)
  4 gnoll zombies (Ossuary)
  4 goblins
  5 hobgoblins
  6 jackals
  9 kobolds
  4 quokkas
  4 ball pythons
  4 bats
  4 frilled lizards
  5 gnoll skeletons (Ossuary)
  3 goblin skeletons (Ossuary)
  8 goblin zombies (Ossuary)
  4 hobgoblin skeletons (Ossuary)
  5 hobgoblin zombies (Ossuary)
  A jackal zombie (D:8)
  3 kobold skeletons (Ossuary)
  3 kobold zombies (Ossuary)
  3 orc skeletons (Ossuary)
  3 orc zombies (Ossuary)
  2 rats
  7 rat skeletons (Ossuary)
  2 rat zombies (Ossuary)
  2 briar patches (Abyss:4)
  A fire vortex (Depths:4)
  3 lurking horrors
  8 starspawn tentacles
  3 tentacles (Shoals:4)
2380 creatures vanquished.

Vanquished Creatures (collateral kills)
  A golden dragon (Depths:3)
  A tengu reaver (Vaults:2)
  A tentacled starspawn (Abyss:6)
  A deep elf sorcerer (Elf:3)
  4 frost giants (Depths:3)
  A ghost moth (Spider:1)
  A stone giant (Depths:1)
  An ironbound preserver (Vaults:5)
  A spark wasp (Depths:2)
  A deep elf annihilator (Elf:3)
  An ettin (Vaults:5)
  2 dancing weapons (Elf:2)
  A deep elf knight (Elf:2)
  2 cherubim (Depths:2)
  A deep elf pyromancer (Elf:2)
  A raiju (Abyss:6)
  A jumping spider (Spider:1)
  3 starcursed masses (Abyss:4)
  6 ball lightnings
31 creatures vanquished.

Vanquished Creatures (others)
  2 tentacled monstrosities (Vaults:5)
  A deep elf zephyrmancer (Elf:2)
  A raiju (Abyss:6)
  A fire elemental (Elf:3)
  2 small abominations (Abyss:6)
  An orc (Orc:2)
  302 ball lightnings
  2 briar patches (Abyss:4)
  A bush (Lair:5)
  266 fire vortices
  20 fulminant prisms
  89 fungi
  A lurking horror (Abyss:6)
  239 plants
  18 starspawn tentacles
  5 tentacles (Shoals:4)
  10 withered plants (D:14)
961 creatures vanquished.

Grand Total: 3372 creatures vanquished

Notes
Turn   | Place    | Note
-------+----------+-------------------------------------------
     0 | D:1      | NinjaNoafa the Draconian Conjurer began the quest for the
                  | Orb.
     0 | D:1      | Reached XP level 1. HP: 14/14 MP: 3/3
    72 | D:1      | Found Sebam's Distillery.
   310 | D:1      | Reached XP level 2. HP: 20/20 MP: 0/5
   380 | D:1      | Found Dalal's Antique Weapon Shop.
   420 | D:1      | Found Haurghud's Antique Armour Shoppe.
   615 | D:1      | Reached XP level 3. HP: 25/26 MP: 1/7
   618 | D:1      | Learned a level 2 spell: Searing Ray
  1200 | D:2      | Found a faded altar of an unknown god.
  1980 | D:3      | Reached XP level 4. HP: 33/33 MP: 3/8
  2116 | D:4      | Noticed a phantom
  2192 | D:4      | You fall into a shaft and drop 1 floor!
  2192 | D:5      | Entered Level 5 of the Dungeon
  2199 | D:5      | Noticed an ogre
  2295 | D:5      | Reached skill level 5 in Conjurations
  2463 | D:5      | Reached XP level 5. HP: 38/38 MP: 3/11
  2591 | D:5      | Noticed a centaur
  2598 | D:5      | Killed an ogre
  2599 | D:5      | Reached skill level 5 in Spellcasting
  2642 | D:5      | Found a transporter.
  2675 | D:5      | Noticed a centaur
  2695 | D:5      | Reached skill level 1 in Fighting
  2695 | D:5      | Reached XP level 6. HP: 11/47 MP: 7/13
  2960 | D:4      | Identified the +4 trident "Jelopohe" {freeze, rN+}
  3156 | D:4      | Found a runed translucent gate.
  3157 | D:4      | Found a runed translucent gate.
  3157 | D:4      | Found a runed translucent gate.
  3399 | D:4      | Reached skill level 1 in Translocations
  3422 | D:4      | Your scales start taking on a rich purple colour.
  3422 | D:4      | Reached XP level 7. HP: 39/57 MP: 8/16
  3509 | D:4      | Found a basalt altar of Yredelemnul.
  3542 | D:4      | Learned a level 4 spell: Iskenderun's Mystic Blast
  3882 | D:4      | Noticed AverageBear's ghost (amateur OpFi)
  3999 | D:5      | Found a burning altar of Makhleb.
  4081 | D:5      | Reached skill level 5 in Translocations
  4143 | D:5      | Reached XP level 8. HP: 63/63 MP: 18/18
  4160 | D:5      | Found a transporter.
  4171 | D:5      | Found a one-way gate to the infinite horrors of the Abyss.
  4171 | D:5      | Noticed AverageBear's ghost (amateur OpFi)
  4343 | D:5      | Reached skill level 1 in Evocations
  4465 | D:6      | Found Posyjop's General Store.
  4636 | D:1      | Bought a potion of heal wounds for 60 gold pieces
  4636 | D:1      | Bought a potion of degeneration for 12 gold pieces
  4636 | D:1      | Bought a potion of brilliance for 48 gold pieces
  4636 | D:1      | Bought a potion of lignification for 36 gold pieces
  4794 | D:6      | Bought a scroll of identify for 24 gold pieces
  4794 | D:6      | Bought a scroll of identify for 24 gold pieces
  4794 | D:6      | Bought a scroll of immolation for 48 gold pieces
  5091 | D:6      | Noticed Maggie
  5312 | D:4      | Killed AverageBear's ghost
  5583 | D:6      | Noticed a kobold demonologist
  5584 | D:6      | Noticed a kobold demonologist
  5594 | D:6      | Killed a kobold demonologist
  5600 | D:6      | Killed a kobold demonologist
  5601 | D:6      | Reached XP level 9. HP: 22/71 MP: 1/20
  5772 | D:6      | Noticed Menkaure
  5776 | D:6      | Killed Menkaure
  6071 | D:6      | Found a staircase to the Ecumenical Temple.
  6123 | Temple   | Entered the Ecumenical Temple
  6324 | Temple   | Became a worshipper of Vehumet
  6417 | D:6      | Noticed Sigmund
  6433 | D:6      | Killed Sigmund
  6437 | D:6      | Killed Maggie
  6518 | D:7      | Learned a level 3 spell: Dazzling Flash
  6615 | D:7      | Reached skill level 1 in Hexes
  7141 | D:7      | Found a runed translucent door.
  7142 | D:7      | Noticed Crazy Yiuf
  7194 | D:8      | Learned a level 4 spell: Fulminant Prism
  7444 | D:8      | Found a sand-covered staircase.
  7457 | Ossuary  | Entered an ossuary
  7480 | Ossuary  | Reached * piety under Vehumet
  7480 | Ossuary  | Offered knowledge of Shock by Vehumet.
  7701 | Ossuary  | Offered knowledge of Sandblast by Vehumet.
  7704 | Ossuary  | Reached ** piety under Vehumet
  7847 | D:8      | Found an ornate altar of the Wu Jian Council.
  8117 | D:8      | Offered knowledge of Kindle Blastsparks by Vehumet.
  8312 | D:8      | Reached skill level 10 in Spellcasting
  8312 | D:8      | Reached XP level 10. HP: 49/78 MP: 10/24
  8532 | D:6      | Bought a scroll of vulnerability for 48 gold pieces
  8532 | D:6      | Bought a potion of attraction for 36 gold pieces
  8580 | D:5      | Killed AverageBear's ghost
  8826 | D:9      | Reached *** piety under Vehumet
  9093 | D:9      | Offered knowledge of Hailstorm by Vehumet.
  9139 | D:8      | Learned a level 3 spell: Hailstorm
  9356 | D:9      | Found an iron altar of Okawaru.
  9365 | D:9      | Found a broken altar of Ashenzari.
  9370 | D:9      | Found a glowing golden altar of the Shining One.
  9694 | D:10     | Entered Level 10 of the Dungeon
  9694 | D:10     | Noticed Erica
  9697 | D:10     | Reached **** piety under Vehumet
  9697 | D:10     | Identified the ring "Saps" {rF+ Will+ Int+3 Dex+6}
  9703 | D:10     | Killed Erica
  9744 | D:10     | Offered knowledge of Yara's Violent Unravelling by Vehumet.
  9767 | D:9      | Learned a level 5 spell: Yara's Violent Unravelling
 10595 | D:11     | Noticed a boulder beetle
 10595 | D:11     | Noticed a gargoyle
 10598 | D:11     | Killed a gargoyle
 10599 | D:11     | Reached skill level 1 in Transmutations
 10599 | D:11     | Reached XP level 11. HP: 84/84 MP: 19/27
 10608 | D:10     | Reached skill level 1 in Shields
 10655 | D:11     | Noticed a boulder beetle
 10936 | D:11     | Killed a boulder beetle
 10937 | D:11     | Reached skill level 5 in Hexes
 10937 | D:11     | Reached skill level 5 in Evocations
 10954 | D:11     | Found a staircase to the Lair.
 11201 | D:11     | Killed a boulder beetle
 11218 | D:11     | Noticed an orc knight
 11219 | D:11     | Found a staircase to the Orcish Mines.
 11226 | D:11     | Reached ***** piety under Vehumet
 11226 | D:11     | Offered knowledge of Eringya's Noxious Bog by Vehumet.
 11228 | D:11     | Killed an orc knight
 11661 | Lair:1   | Entered Level 1 of the Lair of Beasts
 11814 | Lair:1   | Noticed a boulder beetle
 11815 | Lair:1   | Noticed Zdeegee's ghost (journeyman DsBr)
 11894 | Lair:1   | Found a gate leading to a gauntlet.
 11905 | Gauntlet | Entered a Gauntlet
 11905 | Gauntlet | Found a transporter.
 11914 | Gauntlet | Found a transporter.
 11916 | Gauntlet | Noticed a thrashing horror
 11916 | Gauntlet | Noticed a thrashing horror
 11930 | Gauntlet | Found a transporter.
 11934 | Gauntlet | Found a transporter.
 11946 | Gauntlet | Found a transporter.
 11961 | Gauntlet | Noticed a death drake
 11963 | Gauntlet | Found a runed translucent gate.
 11964 | Gauntlet | Found a transporter.
 11964 | Gauntlet | Found a runed translucent gate.
 11967 | Gauntlet | Found a transporter.
 11971 | Gauntlet | Found a transporter.
 11979 | Gauntlet | Found a runed translucent gate.
 11996 | Gauntlet | Noticed a blizzard demon
 11998 | Gauntlet | Found a transporter.
 12015 | Gauntlet | Found a transporter.
 12019 | Gauntlet | Found a transporter.
 12020 | Gauntlet | Noticed an entropy weaver
 12030 | Gauntlet | Found a transporter.
 12090 | Gauntlet | Identified the staff of poison "Wociet" {rPois rF- rC++
                  | Dex+5}
 12093 | Gauntlet | Identified the ring of Kageerph {rF+ Int+6}
 12114 | Gauntlet | Killed a death drake
 12115 | Gauntlet | Reached skill level 5 in Fighting
 12115 | Gauntlet | Reached XP level 12. HP: 69/94 MP: 17/29
 12123 | Gauntlet | Identified the ring "Plog" {rElec rF+ rN+ Str+6 Int+6
                  | Dex-2}
 12253 | Gauntlet | Noticed a minotaur
 12270 | Gauntlet | Killed a minotaur
 12271 | Gauntlet | Reached skill level 5 in Dodging
 12289 | Gauntlet | Identified the staff of cold "Jecw" {rElec rF+ rC+ MP-9
                  | Dex+2}
 12290 | Gauntlet | Got the Volume of Damage
 12428 | Lair:1   | Found a transporter.
 12472 | Lair:1   | Found a transporter.
 12947 | Lair:2   | Found a staircase to the Shoals.
 13006 | Lair:2   | Found a hole to the Spider Nest.
 13040 | Lair:2   | Reached skill level 1 in Ice Magic
 13205 | Lair:2   | Found a runed translucent door.
 13207 | Lair:2   | Noticed Newt's ghost (journeyman KoHu)
 13208 | Lair:2   | Noticed a death yak
 13377 | Lair:2   | Noticed a death yak
 13678 | Lair:2   | Killed a death yak
 13944 | Lair:3   | Reached skill level 1 in Throwing
 14076 | Orc:1    | Entered Level 1 of the Orcish Mines
 14286 | Orc:2    | Entered Level 2 of the Orcish Mines
 14291 | Orc:2    | Noticed a two-headed ogre
 14291 | Orc:2    | Noticed an ogre mage
 14292 | Orc:2    | Noticed an ogre mage
 14292 | Orc:2    | Noticed an ogre mage
 14293 | Orc:2    | Noticed a two-headed ogre
 14295 | Orc:2    | Noticed a two-headed ogre
 14295 | Orc:2    | Noticed a two-headed ogre
 14295 | Orc:2    | Noticed a two-headed ogre
 14295 | Orc:2    | Noticed a two-headed ogre
 14295 | Orc:2    | Noticed a two-headed ogre
 14297 | Orc:2    | Noticed a two-headed ogre
 14299 | Orc:2    | Noticed a two-headed ogre
 14299 | Orc:2    | Killed an ogre mage
 14299 | Orc:2    | Noticed a two-headed ogre
 14300 | Orc:2    | Killed a two-headed ogre
 14300 | Orc:2    | Killed a two-headed ogre
 14300 | Orc:2    | Killed a two-headed ogre
 14300 | Orc:2    | Killed a two-headed ogre
 14300 | Orc:2    | Killed a two-headed ogre
 14300 | Orc:2    | Killed a two-headed ogre
 14300 | Orc:2    | Killed an ogre mage
 14300 | Orc:2    | Killed a two-headed ogre
 14300 | Orc:2    | Killed an ogre mage
 14300 | Orc:2    | Killed a two-headed ogre
 14301 | Orc:2    | Reached XP level 13. HP: 37/105 MP: 21/30
 14594 | Orc:1    | Offered knowledge of Conjure Ball Lightning by Vehumet.
 14654 | Orc:1    | Learned a level 7 spell: Orb of Destruction
 15664 | D:1      | Bought a potion of magic for 96 gold pieces
 15664 | D:1      | Bought a potion of curing for 36 gold pieces
 15664 | D:1      | Bought a potion of magic for 96 gold pieces
 15664 | D:1      | Bought a potion of curing for 36 gold pieces
 15664 | D:1      | Bought a potion of curing for 36 gold pieces
 15880 | Lair:1   | Learned a level 6 spell: Conjure Ball Lightning
 16005 | Lair:3   | Noticed Gastronok
 16260 | Lair:2   | Reached skill level 1 in Air Magic
 16262 | Lair:2   | Killed Newt's ghost
 16436 | Lair:3   | Noticed Snorg
 16450 | Lair:3   | Killed Gastronok
 16461 | Lair:3   | Killed Snorg
 16604 | Lair:3   | Reached XP level 14. HP: 27/116 MP: 5/31
 16774 | Lair:3   | Reached skill level 5 in Air Magic
 16938 | Lair:3   | Noticed Nergalle
 16942 | Lair:3   | Killed Nergalle
 17403 | Lair:4   | Offered knowledge of Lee's Rapid Deconstruction by Vehumet.
 18037 | Lair:4   | Reached skill level 10 in Fighting
 18435 | Lair:5   | Entered Level 5 of the Lair of Beasts
 18945 | Lair:5   | Reached skill level 10 in Dodging
 18959 | Lair:5   | Reached skill level 1 in Fire Magic
 18987 | Lair:5   | Found a viscous altar of Jiyva.
 19003 | Lair:5   | Found a staircase to the Slime Pits.
 19532 | Lair:5   | Reached XP level 15. HP: 89/126 MP: 23/33
 19895 | Lair:5   | Reached ****** piety under Vehumet
 19908 | Lair:5   | Offered knowledge of Fireball by Vehumet.
 20017 | Lair:5   | Found a large runed translucent door.
 20017 | Lair:5   | Found a large runed translucent door.
 20574 | Orc:2    | Found a staircase to the Elven Halls.
 20582 | Orc:2    | Found Meelyati's Armour Boutique.
 20582 | Orc:2    | Found Tifaemith's Magic Scroll Emporium.
 20583 | Orc:2    | Found Jezuraal's Armour Shoppe.
 20583 | Orc:2    | Found Befosil's Antique Armour Boutique.
 20590 | Orc:2    | Bought a +0 cloak of preservation for 149 gold pieces
 20606 | Orc:2    | Bought a scroll of acquirement for 572 gold pieces
 20609 | Orc:2    | Acquired 506 gold pieces
 20613 | Orc:2    | Bought the +1 pair of boots of the Monkey's Uncle {rF+ rC+}
                  | for 549 gold pieces
 20645 | Orc:2    | Found Vekaj's General Store.
 20874 | Orc:2    | Bought a scroll of fear for 52 gold pieces
 20874 | Orc:2    | Bought 3 scrolls of butterflies for 156 gold pieces
 21300 | D:12     | Found Daniel's Dragon-Slaying Spoils.
 21811 | D:13     | Noticed Rupert
 22342 | D:13     | Found a gate to the Vaults.
 22357 | D:13     | Noticed Maurice
 22362 | D:13     | Killed Maurice
 22442 | D:13     | Noticed Sonja
 22447 | D:13     | Killed Sonja
 22489 | D:13     | Killed Rupert
 22655 | D:13     | Reached skill level 15 in Spellcasting
 22655 | D:13     | Reached skill level 5 in Fire Magic
 22858 | D:14     | Found a blossoming altar of Fedhas.
 23153 | D:15     | Entered Level 15 of the Dungeon
 23348 | D:14     | Offered knowledge of Starburst by Vehumet.
 23439 | D:13     | Learned a level 6 spell: Starburst
 24862 | D:15     | Reached skill level 10 in Fire Magic
 24863 | D:15     | Reached XP level 16. HP: 108/134 MP: 25/35
 25607 | D:15     | Found a staircase to the Depths.
 25717 | D:15     | Found a glowing silver altar of Zin.
 25987 | Orc:2    | Bought a scroll of acquirement for 572 gold pieces
 25988 | Orc:2    | Acquired 673 gold pieces
 26089 | Spider:1 | Entered Level 1 of the Spider Nest
 26768 | Spider:1 | Offered knowledge of Arcjolt by Vehumet.
 26769 | Spider:1 | Reached skill level 5 in Shields
 26875 | Lair:2   | Learned a level 5 spell: Arcjolt
 28330 | Spider:2 | Upgraded the game from 0.30-a0-918-g0ff054e9dc to
                  | 0.30-a0-920-g7493c07aab
 28613 | Spider:2 | Noticed Louise
 28637 | Spider:2 | Killed Louise
 29124 | Spider:2 | Noticed Donald
 29131 | Spider:2 | Killed Donald
 29132 | Spider:2 | Reached skill level 10 in Shields
 29137 | Spider:2 | Offered knowledge of Ignition by Vehumet.
 29630 | D:14     | Learned a level 8 spell: Ignition
 29821 | Shoals:1 | Entered Level 1 of the Shoals
 30522 | Spider:3 | Reached XP level 17. HP: 116/140 MP: 31/36
 30662 | Spider:3 | Noticed Agnes
 31882 | Shoals:2 | Offered knowledge of Shatter by Vehumet.
 31882 | Shoals:2 | Offered knowledge of Polar Vortex by Vehumet.
 31882 | Shoals:2 | Offered knowledge of Maxwell's Capacitive Coupling by
                  | Vehumet.
 32900 | Shoals:2 | Found Rogruj's Antique Armour Shoppe.
 34050 | Spider:2 | Killed Agnes
 35363 | Elf:1    | Entered Level 1 of the Elven Halls
 35447 | Elf:1    | Found a flickering gateway to a bazaar.
 35456 | Bazaar   | Entered a bazaar
 35456 | Bazaar   | Found Gebeogec's Armour Shop.
 35456 | Bazaar   | Found Ubakuegi's Weapon Shop.
 35549 | Elf:1    | Found a portal to a secret trove of treasure.
 35554 | Elf:1    | You paid a toll of 7 scrolls of fear to enter a treasure
                  | trove
 35555 | Trove    | Entered a treasure trove
 35884 | Elf:1    | Noticed Jorgrun
 35892 | Elf:1    | Killed Jorgrun
 35989 | Elf:1    | Found a radiant altar of Vehumet.
 35992 | Elf:1    | Identified Roxanne's Quarto of Moulding
 35992 | Elf:1    | Noticed Roxanne
 36015 | Elf:1    | Killed Roxanne
 36016 | Elf:1    | Reached XP level 18. HP: 115/147 MP: 9/37
 36134 | Elf:1    | Noticed Azrael
 36142 | Elf:1    | Killed Azrael
 36753 | Elf:1    | Reached skill level 5 in Throwing
 37074 | Elf:2    | Reached skill level 10 in Evocations
 37181 | Elf:2    | Found a runed translucent gate.
 37182 | Elf:2    | Found a runed translucent gate.
 37183 | Elf:2    | Found a runed translucent gate.
 37241 | Elf:2    | Found Xeuph's General Store.
 37725 | Spider:3 | Noticed juan097's ghost (adept VSMo)
 37727 | Spider:3 | Found a transporter.
 37734 | Spider:3 | Found a transporter.
 38709 | Shoals:3 | Reached skill level 15 in Fire Magic
 38947 | Spider:4 | Entered Level 4 of the Spider Nest
 39448 | Spider:4 | Identified the +6 rapier of the Valley of Death {spect, Fly
                  | rPois rF+ Str+4}
 40361 | Spider:4 | Reached skill level 15 in Shields
 40409 | Spider:4 | Reached XP level 19. HP: 154/154 MP: 14/38
 40633 | Spider:4 | Got a gossamer rune of Zot
 40897 | Shoals:4 | Entered Level 4 of the Shoals
 41383 | Shoals:3 | Acquired the amulet of the Fortune-Teller {Regen+ MP+9
                  | SInv}
 42634 | Shoals:4 | Found a runed translucent gate.
 42634 | Shoals:4 | Found a runed translucent gate.
 42634 | Shoals:4 | Found a runed translucent gate.
 42645 | Shoals:4 | Noticed jasper's ghost (adept DsFi)
 42915 | Shoals:4 | Got a barnacled rune of Zot
 43028 | Shoals:4 | Found the dreamshard necklace {*Dream Drain}
 43785 | Elf:2    | Reached skill level 15 in Conjurations
 43805 | Elf:2    | Bought a scroll of enchant armour for 127 gold pieces
 43814 | Elf:2    | Bought a scroll of blinking for 127 gold pieces
 43814 | Elf:2    | Bought a potion of curing for 51 gold pieces
 43814 | Elf:2    | Bought a scroll of immolation for 68 gold pieces
 43892 | Elf:2    | Found Ycvabis's Magic Scroll Shop.
 43894 | Elf:2    | Found Veaninit's Distillery.
 43894 | Elf:2    | Found Adunto's Weapon Boutique.
 43895 | Elf:2    | Identified the +6 ring mail of Defiance {rElec rF+++ Dex-3}
 43912 | Elf:2    | Found Payrghaha's Antique Armour Boutique.
 43914 | Elf:2    | Bought a scroll of fear for 44 gold pieces
 43914 | Elf:2    | Bought a scroll of fear for 44 gold pieces
 43917 | Elf:2    | Bought a potion of invisibility for 120 gold pieces
 43917 | Elf:2    | Bought a potion of brilliance for 60 gold pieces
 44716 | Elf:3    | Entered Level 3 of the Elven Halls
 44920 | Vaults:1 | Entered Level 1 of the Vaults
 45102 | Vaults:1 | Reached XP level 20. HP: 57/161 MP: 17/40
 45283 | Vaults:1 | Acquired the +2 pair of gloves of Theory {+Inv rC+}
 45976 | Vaults:1 | Got the Compendium of the Geodesic and Maleficia
 45980 | Vaults:1 | Noticed a golden dragon
 45996 | Vaults:1 | Killed a golden dragon
 46469 | Spider:3 | Killed juan097's ghost
 46476 | Spider:3 | Got the Quarto of Formation and Envenoming
 46748 | Shoals:4 | Gained mutation: [You are weak. (Str -2)] [a cacodemon]
 46749 | Shoals:4 | Killed jasper's ghost
 46773 | Shoals:4 | Identified the +0 pair of boots "Hekail" {Rampage}
 47000 | Vaults:1 | Upgraded the game from 0.30-a0-920-g7493c07aab to
                  | 0.30-a0-924-g0ad0bf95bc
 47304 | Vaults:2 | You fall into a shaft and drop 1 floor!
 47493 | Vaults:2 | Noticed Sojobo
 47505 | Vaults:2 | Killed Sojobo
 47578 | Vaults:2 | Identified the +1 demon blade of an ice cave {vamp, Dex+4}
 48069 | Vaults:2 | Noticed Boris
 48076 | Vaults:2 | Killed Boris
 48417 | Vaults:2 | Found a staircase to the Crypt.
 48638 | Vaults:2 | Noticed Aizul
 48644 | Vaults:2 | Killed Aizul
 49044 | Orc:2    | Bought a scroll of fear for 44 gold pieces
 49044 | Orc:2    | Bought a scroll of teleportation for 33 gold pieces
 49044 | Orc:2    | Bought a scroll of poison for 44 gold pieces
 49044 | Orc:2    | Bought a scroll of immolation for 44 gold pieces
 49624 | Vaults:3 | Identified the +1 kite shield of the Old and Reckless
                  | {Will++ Int-2}
 49624 | Vaults:3 | Noticed Asterion
 49637 | Vaults:3 | Noticed Mennas
 49647 | Vaults:3 | Killed Asterion
 49648 | Vaults:3 | Reached XP level 21. HP: 76/169 MP: 8/41
 49648 | Vaults:3 | Killed Mennas
 49678 | Vaults:3 | Noticed Xtahua
 49687 | Vaults:3 | Killed Xtahua
 50025 | Vaults:3 | Learned a level 9 spell: Fire Storm
 50652 | Vaults:4 | Identified the +1 cloak of the Old and Reckless {MP+9
                  | Stlth+}
 50733 | Vaults:4 | Identified the staff of death "Egyu" {Drain rN+ Str+5}
 51377 | Vaults:4 | Found a runed translucent gate.
 51377 | Vaults:4 | Found a runed translucent gate.
 51377 | Vaults:4 | Found a runed translucent gate.
 51377 | Vaults:4 | Noticed DeathPants's ghost (veteran VSFi)
 51528 | Vaults:4 | Identified the amulet "Jujigo" {-Tele Regen+ Dex+5 Slay+2
                  | Stlth+}
 51587 | Vaults:4 | Killed DeathPants's ghost
 51842 | Lair:1   | Killed Zdeegee's ghost
 51957 | Slime:1  | Entered Level 1 of the Pits of Slime
 52228 | Vaults:5 | Entered Level 5 of the Vaults
 53251 | Slime:2  | Reached XP level 22. HP: 161/177 MP: 27/42
 53670 | Elf:3    | Found Gaqaeco's Weapon Shoppe.
 53748 | Elf:3    | Paralysed by an air elemental for 1 turns
 53751 | Elf:3    | Paralysed by an air elemental for 1 turns
 54356 | Elf:3    | Gained mutation: [You occasionally shout uncontrollably at
                  | your foes.] [mutagenic glow]
 54524 | Elf:3    | Identified the +7 long sword of Heam {flame, *Noise Will+
                  | Int+2}
 54630 | Elf:3    | Identified the +10 dire flail "Ososaxze" {heavy, Contam
                  | rElec rC+}
 54630 | Elf:3    | Identified the ring "Gaisas" {rPois rF+ rN++ EV+5 Dex-5}
 54636 | Elf:3    | Identified the +4 falchion of Ukihuvin {protect, *Noise
                  | rElec rN++ Str+4}
 54732 | Elf:3    | Identified the +1 glaive "Pyrurodo" {heavy, rC+}
 54876 | Elf:3    | Identified the staff of cold "Uwna" {rPois rF+ rC+ Str-5}
 54885 | Elf:3    | Got the Book of Evolution
 54982 | Elf:3    | Lost mutation: [You occasionally shout uncontrollably at
                  | your foes.] [potion of mutation]
 54982 | Elf:3    | Lost mutation: [You are weak. (Str -2)] [potion of
                  | mutation]
 54982 | Elf:3    | Gained mutation: [You are weak. (Str -2)] [potion of
                  | mutation]
 54982 | Elf:3    | Gained mutation: You have large cloven feet. [potion of
                  | mutation]
 54982 | Elf:3    | Gained mutation: You sometimes lose your temper in combat.
                  | [potion of mutation]
 54983 | Elf:3    | Lost mutation: You have large cloven feet. [potion of
                  | mutation]
 54983 | Elf:3    | Lost mutation: You sometimes lose your temper in combat.
                  | [potion of mutation]
 54983 | Elf:3    | Gained mutation: Your spells are a little easier to cast,
                  | but a little less powerful. [potion of mutation]
 54983 | Elf:3    | Gained mutation: You have hidden genetic defects. [potion
                  | of mutation]
 54983 | Elf:3    | Gained mutation: Your mind is acute. (Int +4, Str/Dex -1)
                  | [potion of mutation]
 54983 | Elf:3    | Gained mutation: You have supernaturally acute eyesight.
                  | (SInv) [potion of mutation]
 55419 | Vaults:5 | Noticed a golden dragon
 55478 | Vaults:5 | Reached skill level 10 in Throwing
 55682 | Vaults:5 | Noticed an ancient lich
 56629 | Slime:4  | Gained mutation: [Your magical capacity is low. (-10% MP)]
                  | [hidden defects]
 57010 | Slime:4  | Lost mutation: [Your magical capacity is low. (-10% MP)]
                  | [potion of mutation]
 57010 | Slime:4  | Lost mutation: [You are weak. (Str -2)] [potion of
                  | mutation]
 57010 | Slime:4  | Gained mutation: You are partially covered in large bone
                  | plates. (SH +4) [potion of mutation]
 57475 | Slime:5  | Entered Level 5 of the Pits of Slime
 57486 | Slime:5  | Noticed the Royal Jelly
 57492 | Slime:5  | Killed the Royal Jelly
 57493 | Slime:5  | Reached XP level 23. HP: 183/183 MP: 43/43
 57516 | Slime:4  | Gained mutation: [You do not regenerate when monsters are
                  | visible.] [hidden defects]
 57516 | Slime:4  | Lost mutation: You have hidden genetic defects. [hidden
                  | defects expressed]
 57560 | Slime:4  | Lost mutation: Your mind is acute. (Int +4, Str/Dex -1)
                  | [potion of mutation]
 57560 | Slime:4  | Lost mutation: [You do not regenerate when monsters are
                  | visible.] [potion of mutation]
 57560 | Slime:4  | Lost mutation: You have supernaturally acute eyesight.
                  | (SInv) [potion of mutation]
 57560 | Slime:4  | Gained mutation: Your natural rate of healing is unusually
                  | fast. [potion of mutation]
 57560 | Slime:4  | Gained mutation: Your tail ends in a venomous barb. [potion
                  | of mutation]
 57712 | Slime:5  | Found the +5 robe of Night {Dark Will+ SInv}
 57742 | Slime:5  | Identified the +1 pair of boots of Eternal Night {Str+4}
 57746 | Slime:5  | Identified the amulet "Uwumau" {Faith +Inv rPois}
 57752 | Slime:5  | Identified the +6 dagger of the Ageless Shrikes {flame, rF+
                  | rN+ Will+ Int+3}
 57778 | Slime:5  | Identified the ring of Suizalef {rN+ Dex-2 SInv Stlth+}
 57785 | Slime:5  | Got Raan's Parchment of Toxic Aeromancy
 57793 | Slime:5  | Got Kufusch's Last Cyclopedia of the Loreminder
 57819 | Slime:5  | Got a slimy rune of Zot
 57831 | Slime:5  | Identified the +3 fire dragon scales "Ategavej" {rF++ rC-
                  | Stlth+}
 57855 | Slime:5  | Identified the +6 hand axe of Fegucura {protect, rN+ Dex+4}
 58751 | Vaults:5 | Identified the +7 great sword of Midsummer {venom, Will+
                  | Str+6 SInv Stlth+}
 58882 | Vaults:4 | Killed an ancient lich
 59691 | Vaults:5 | Identified the ring of Accord {Fly Will+}
 59783 | Vaults:5 | Noticed an ancient lich
 59850 | Vaults:5 | Killed an ancient lich
 60322 | Elf:2    | Bought 2 potions of curing for 90 gold pieces
 60322 | Elf:2    | Bought a potion of mutation for 120 gold pieces
 60322 | Elf:2    | Bought 2 potions of mutation for 240 gold pieces
 60322 | Elf:2    | Bought a potion of mutation for 120 gold pieces
 60325 | Elf:2    | Bought 3 scrolls of magic mapping for 247 gold pieces
 60325 | Elf:2    | Bought a scroll of poison for 44 gold pieces
 60574 | Depths:1 | Entered Level 1 of the Depths
 60654 | Depths:1 | Noticed Nikola
 60728 | Depths:1 | Killed Nikola
 61096 | Depths:1 | Found a gateway to Hell.
 61611 | Hell     | Entered the Vestibule of Hell
 61611 | Hell     | Noticed Geryon
 61678 | Hell     | Killed Geryon
 61679 | Hell     | Reached skill level 10 in Air Magic
 62314 | Depths:2 | Found a glowing silver altar of Zin.
 62327 | Depths:2 | Identified the +9 tower shield of Moegg {rC+ Dex+3}
 62327 | Depths:2 | Identified the +0 buckler of the Bellicose God {Fly Str+2}
 62558 | Depths:2 | Identified the +7 whip of Evisceration {pain, Fly}
 62604 | Depths:2 | Reached XP level 24. HP: 125/195 MP: 27/43
 63204 | Depths:2 | Found a one-way gate leading to the halls of Pandemonium.
 63453 | Depths:3 | Found Miwn's Gadget Gallery.
 63694 | Depths:3 | Voluntarily entered the Abyss.
 64131 | Abyss:1  | Reached skill level 1 in Staves
 64177 | Abyss:1  | Found a corrupted altar of Lugonu.
 64282 | Abyss:1  | Learned a level 9 spell: Chain Lightning
 64314 | Abyss:2  | Found a corrupted altar of Lugonu.
 64479 | Abyss:4  | Found a corrupted altar of Lugonu.
 64541 | Abyss:4  | Gained mutation: [You are dopey. (Int -2)] [a neqoxec]
 64564 | Abyss:4  | Noticed a dread lich
 64576 | Abyss:4  | Killed a dread lich
 64582 | Abyss:4  | Noticed a dread lich
 64590 | Abyss:4  | Killed a dread lich
 64646 | Abyss:5  | Gained mutation: [Your magical capacity is extremely low.
                  | (-30% MP)] [mutagenic glow]
 64661 | Depths:3 | Escaped the Abyss
 64663 | Depths:3 | Gained mutation: Your muscles are strong. (Str +4, Int/Dex
                  | -1) [mutagenic glow]
 64678 | Depths:3 | Reached skill level 15 in Air Magic
 64851 | Depths:4 | Entered Level 4 of the Depths
 64985 | Depths:3 | Lost mutation: Your muscles are strong. (Str +4, Int/Dex
                  | -1) [potion of mutation]
 64985 | Depths:3 | Lost mutation: Your tail ends in a venomous barb. [potion
                  | of mutation]
 64985 | Depths:3 | Lost mutation: [Your magical capacity is low. (-10% MP)]
                  | [potion of mutation]
 64985 | Depths:3 | Lost mutation: Your natural rate of healing is unusually
                  | fast. [potion of mutation]
 64985 | Depths:3 | Gained mutation: [Your magical capacity is low. (-10% MP)]
                  | [potion of mutation]
 64986 | Depths:3 | Lost mutation: Your spells are a little easier to cast, but
                  | a little less powerful. [potion of mutation]
 64986 | Depths:3 | Lost mutation: [You are dopey. (Int -2)] [potion of
                  | mutation]
 64986 | Depths:3 | Gained mutation: Your tail ends in a venomous barb. [potion
                  | of mutation]
 64986 | Depths:3 | Gained mutation: You have large cloven feet. [potion of
                  | mutation]
 64987 | Depths:3 | Lost mutation: You have large cloven feet. [potion of
                  | mutation]
 64987 | Depths:3 | Lost mutation: [Your magical capacity is low. (-10% MP)]
                  | [potion of mutation]
 64987 | Depths:3 | Lost mutation: Your tail ends in a venomous barb. [potion
                  | of mutation]
 64987 | Depths:3 | Gained mutation: You have supernaturally acute eyesight.
                  | (SInv) [potion of mutation]
 64987 | Depths:3 | Gained mutation: You have hidden genetic potential. [potion
                  | of mutation]
 65003 | Depths:3 | Noticed Vv
 65525 | Depths:1 | Learned a level 4 spell: Passage of Golubria
 65639 | Depths:3 | Found a one-way gateway to a ziggurat.
 65640 | Depths:3 | Paralysed by a floating eye for 3 turns
 65646 | Depths:3 | Paralysed by a floating eye for 3 turns
 65647 | Depths:3 | Gained mutation: Your spells are a little easier to cast,
                  | but a little less powerful. [a shining eye]
 66156 | Depths:3 | Killed Vv
 68090 | Depths:4 | Reached XP level 25. HP: 147/202 MP: 39/43
 69282 | Depths:4 | Found a gate to the Realm of Zot.
 69400 | Depths:4 | Found a corrupted altar of Lugonu.
 70461 | Vaults:5 | Found the +3 pair of gauntlets of War {Slay+5}
 70654 | Vaults:5 | Got a silver rune of Zot
 70692 | Vaults:5 | Found the +3 salamander hide armour {Flames, rFlCloud rF++
                  | rC--}
 70700 | Vaults:5 | Identified the +8 great sword of Quskih {flame, rC+}
 71660 | Zot:1    | Entered Level 1 of the Realm of Zot
 71712 | Depths:4 | Voluntarily entered the Abyss.
 71722 | Abyss:5  | Found a transporter.
 71750 | Abyss:5  | Noticed a dread lich
 71754 | Abyss:5  | HP: 3/202 [red draconian scorcher/damnation (40)]
 71762 | Abyss:5  | Gained mutation: You are agile. (Dex +4, Str/Int -1)
                  | [hidden potential]
 71945 | Depths:4 | Escaped the Abyss
 72314 | Depths:4 | Voluntarily entered the Abyss.
 72494 | Abyss:5  | Found a corrupted altar of Lugonu.
 72504 | Abyss:6  | Gained mutation: [You are frail. (-10% HP)] [a neqoxec]
 72505 | Abyss:6  | Gained mutation: Your body sometimes deteriorates upon
                  | taking damage. [a neqoxec]
 72898 | Abyss:6  | Noticed an ancient lich
 72905 | Abyss:6  | HP: 2/181 [starcursed mass/accursed screaming (8)]
 73038 | Abyss:6  | Found a corrupted altar of Lugonu.
 73094 | Abyss:6  | Killed from afar by a lich

Illustrated notes

Levels and vault maps discovered:
D:1:      dpeg_arrival_renting, layout_loops_ring, serial_shops,
          nicolae_shop_advertising_works [nicolae_subvault_shop_adworks],
          nicolae_square_shop, shop_statue, amcnicky_mini_rare_corridor_liquid
D:2:      layout_loops_ring, shapermc_ecumenical_altar_starsandcircs
D:3:      layout_loops_ring
D:4:      layout_loops_ring, lemuel_mausoleum_altar_yredelemnul,
          ebering_ghost_rock_garden
D:5:      layout_loops_ring, mainiacjoe_overflow_alcove_4,
          gammafunk_ghost_abyssal_escape
D:6:      layout_loops_corners, temple_hall, serial_shops, shop_coins,
          serial_co_window_serial, co_window_corner_a, co_window_corner_a,
          co_window_paths_a, co_window_paths_b, co_window_corner_a,
          co_window_paths_c, co_window_corner_b, co_window_2corner,
          co_window_broadway_b, co_window_sun, co_window_paths_d,
          glass_columns_c, glass_columns_a, glass_columns_a, uniq_menkaure,
          uniq_sigmund, uniq_maggie
D:7:      layout_loops_ring, uniq_crazy_yiuf_cottage
D:8:      layout_loops_corners, mainiacjoe_overflow_24_doors, enter_ossuary_3,
          amcnicky_mini_pool_medium
D:9:      layout_roguey, minmay_overflow_temple_star_quad
D:10:     layout_loops_ring, chequers_serial_rivers_room_a, uniq_erica
D:11:     layout_long_grid, due_lair_maze_entry_diamond, david_orc_5,
          kennysheep_another_room, dreamdust_wishing_well
D:12:     layout_small_grid, nicolae_shop_dragon_depot
D:13:     layout_long_grid, david_vaults_1, hangedman_stone_soup,
          minmay_beelzebubs_servants, uniq_maurice, uniq_rupert, uniq_sonja
D:14:     layout_grid_maze, serial_undead, serial_undead_c, serial_undead_e,
          serial_undead_b, serial_undead_b, serial_undead_f, serial_undead_f,
          serial_undead_c, fedhas_altar_3
D:15:     hangedman_depths_entry_civil_slaughter, layout_loops_corners,
          zin_angel
Temple:   eino_temple_rhombus
Lair:1:   layout_small_grid, gammafunk_ghost_arena, gauntlet_entry_generic
Lair:2:   layout_cave_shapes, minmay_shoals_entry_centaurs,
          hellmonk_spider_entry_life_and_decay, ebering_ghost_inner_flame,
          nzn_random_ring, serial_bayou_shore_b, lemuel_fruit_tree
Lair:3:   layout_roguey, grunt_forest_large_clearing_hut, grunt_megastairs_5,
          infiniplex_staircase_pool_2, uniq_nergalle, uniq_gastronok, uniq_snorg
Lair:4:   layout_regular_city, eino_small_chamber_without_monster,
          dreamdust_wasp_nest
Lair:5:   cheibrodos_lair_end_hotspot, layout_loops_ring,
          nicolae_slime_entry_field_trip
Shoals:1: layout_shoals
Shoals:2: dreamdust_from_the_deep, layout_shoals, serial_shops, shop,
          hangedman_shoal_volcano
Shoals:3: layout_shoals, nicolae_shoals_drake_roost
Shoals:4: shoals_end_hangedman, layout_shoals, gammafunk_ghost_tricky_traps
Spider:1: layout_chambers, hellmonk_test_site
Spider:2: layout_cave_pods, worms_lemuel, uniq_donald, uniq_louise
Spider:3: layout_spider_delve, gammafunk_ghost_mausoleum, uniq_agnes
Spider:4: grunt_spider_rune_circles, hive_lemuel
Slime:1:  layout_caves
Slime:2:  cheibrodos_slime_lost_civilization_9, layout_caves, uniq_dissolution
Slime:3:  layout_caves
Slime:4:  cheibrodos_slime_lost_civilization_8, layout_caves
Slime:5
Orc:1:    cheibrodos_orc_arena, layout_caves
Orc:2:    st_orc_ogre_mass, layout_caves, serial_shops, nicolae_shop_statue_plus
Elf:1:    eino_elf_arrival_shootout, layout_gridlike, serial_shops,
          bzr_firewalk, trove_entry_hex_spiral, basic_altar,
          hangedman_corner_corridor, uniq_jorgrun, uniq_roxanne, uniq_azrael
Elf:2:    elven_hall_of_blades_hangedman_original
          [nicolae_blade_entry_diamond_columns], layout_loops_cross,
          serial_shops, shop, minmay_shoptagon
Elf:3:    minmay_elf_hall_not_hex, layout_loops_ring, serial_sigils,
          serial_sigils_hangedman_shear, serial_sigils_hangedman_leer,
          serial_sigils_hangedman_gut, serial_sigils_hangedman_carve,
          serial_sigils_hangedman_scar, serial_shops, shop
Vaults:1: serial_ice_g, nicolae_vaults_specimen_jars, nicolae_vaults_alarming,
          vaults_room_hangedman_quadrants, v_misc_29, v_misc_1, v_alt_pattern_5,
          nicolae_vaults_asterisk, nicolae_vaults_network_square,
          nicolae_vaults_stairing_the_circle, ontoclasm_vaults_loading_screen,
          nicolae_vaults_little_squares_6, nicolae_vaults_little_squares_4,
          grunt_vaults_hallway_short, layout_vaults_ring
Vaults:2: blue_anna_dwarven_crypt, v_rooms_1, v_misc_15,
          vaults_room_glass_cross, ontoclasm_vaults_ring_square,
          vaults_mumra_minichess, vaults_dpeg_encased_lava,
          nicolae_vaults_big_ls, vaults_room_semicircle, v_misc_29,
          ontoclasm_vaults_decontamination, v_misc_16, layout_vaults_big_room,
          uniq_sojobo, uniq_boris, uniq_aizul
Vaults:3: v_misc_12, ontoclasm_vaults_idyll, nicolae_vaults_circle_grid_b,
          v_misc_22, v_rooms_3, hangedman_vaults_slice,
          nicolae_vaults_circle_grid_a, v_pattern_3,
          nicolae_vaults_circle_grid_b, nicolae_vaults_little_squares_2,
          vaults_room_door_hall, v_misc_12, nicolae_vaults_little_squares_6,
          nicolae_vaults_asterisk, layout_vaults_omnibox, uniq_asterion,
          uniq_margery, uniq_mennas, uniq_xtahua
Vaults:4: biasface_ghost_orc_armoury, ontoclasm_vaults_misaligned, v_misc_24,
          ontoclasm_vaults_gateway, vaults_room_hallway, vaults_room_hallway,
          layout_vaults_quadrants
Vaults:5
Depths:1: layout_big_octagon, grunt_metal_band, abyss_entry,
          kennysheep_pointless_box, grunt_ministairs_9, minivault_15,
          nrook_pool_corridor, minmay_misc_feat_square, kennysheep_four_rooms,
          uniq_nikola
Depths:2: evilmike_silver_temple, layout_basic, hangedman_coc_ice_floe,
          pan_entry, chequers_serial_rivers_large_a, kennysheep_generic_room_10,
          infiniplex_staircase_squiggle
Depths:3: nzn_winding_woodlands_huge [nzn_winding_woodlands_5x15_sawtooth,
          nzn_winding_woodlands_5x15_pool, nzn_winding_woodlands_5x15_default,
          nzn_winding_woodlands_5x15_crooked,
          nzn_winding_woodlands_5x15_lazy_stream,
          nzn_winding_woodlands_5x15_concentric,
          nzn_winding_woodlands_5x15_cabin, nzn_winding_woodlands_5x15_default,
          nzn_winding_woodlands_5x15_pockets,
          nzn_winding_woodlands_5x15_pathside_ponds,
          nzn_winding_woodlands_center_lodge,
          nzn_winding_woodlands_center_pierced_h,
          nzn_winding_woodlands_15x15_killbox], layout_basic, enter_ziggurat_c,
          serial_bayou_pond_d, grunt_hell_entry_dis_old,
          hangedman_abyss_entry_splay, nicolae_shop_gadgets, uniq_vv
Depths:4: grunt_twist_and_shout, layout_gridlike, abyss_entry_flame_altar,
          hell_entry, hangedman_decor_riveting
Hell
Zot:1:    dreamdust_black_sun_cult, layout_misc_corridors, uniq_grunn
Abyss:6:  base: Zot:5, guppyfry_abyss_exit_spiral_guarded, hangedman_eye_storm,
          minivault_24, nicolae_abyss_rune_star_stuff, bh_silent_lugonu_exit,
          evilmike_abyss_rune_siren_acolytes, base: D:10, base: D:10,
          evilmike_nicolae_abyss_rune_containment_curve,
          grunt_abyss_rune_wretched_hive, grunt_abyss_rune_wretched_hive,
          evilmike_abyss_exit_7, evilmike_abyss_exit_glass,
          hangedman_abyss_or_decor_jellyfish_corner,
          hangedman_abyss_stitches_cave, hangedman_relentless_pull,
          hangedman_abyss_rune_flesh_and_stone, hangedman_abyss_overflow_altar,
          evilmike_abyss_rune_elephants_shrine, evilmike_abyss_exit_5,
          doesnt_abyss_rune_brain_food, evilmike_abyss_exit_9,
          small_statue_intersection, due_evilmike_abyss_rune_seething_liches

Skill      XL: |  1  2  3  4  5  6  7  8  9 10 11 12 13 14 15 16 17 18 19 20 21 22 23 24 25 |
---------------+----------------------------------------------------------------------------+-----
Spellcasting   | 3 4 5 6 7 10 12 13 14 15 16 | 16.3
Conjurations   | 5 7 8 11 13 17 18 20 21 22 | 22.0
Fighting       | 1 3 4 5 7 8 10 12 | 12.0
Translocations | 2 5 6 7 8 |  8.0
Dodging        | 2 4 5 7 10 12 | 12.0
Evocations     | 4 6 8 11 12 | 12.0
Hexes          | 3 4 6 |  6.0
Transmutations | 1 4 |  4.0
Shields        | 4 10 13 15 16 | 16.0
Ice Magic      | 4 |  4.0
Throwing       | 3 4 5 8 10 | 10.2
Air Magic      | 4 6 8 12 17 19 | 19.4
Fire Magic     | 2 10 11 13 15 16 17 19 20 21 22 | 22.0
Staves         | 2 |  2.9
Stealth        | |  1.7

Action                     |  1- 3 |  4- 6 |  7- 9 | 10-12 | 13-15 | 16-18 | 19-21 | 22-24 | 25-27 || total
---------------------------+-------+-------+-------+-------+-------+-------+-------+-------+-------++-------
  Melee: Short sword       |    19 |    21 |       |       |       |       |       |       |       ||    40
         Tailslap          |     3 |     9 |    17 |    10 |    14 |    20 |     8 |     9 |     3 ||    93
         Unarmed           |     2 |       |       |       |       |       |       |       |       ||     2
         Trident           |       |    29 |   150 |    55 |       |       |       |       |       ||   234
         Dagger            |       |     4 |       |       |       |       |       |       |       ||     4
         Punch             |       |     3 |     2 |       |       |       |       |       |       ||     5
         Staff             |       |       |       |    30 |    68 |    76 |    38 |    47 |    18 ||   277
         Double sword      |       |       |       |       |     3 |    13 |       |       |       ||    16
  Throw: Dart              |       |       |       |    12 |       |     5 |     2 |       |       ||    19
         Boomerang         |       |       |       |       |     2 |     1 |       |       |       ||     3
         Javelin           |       |       |       |       |     9 |    20 |     6 |     6 |    11 ||    52
   Cast: Magic Dart        |    57 |    14 |     3 |       |       |       |       |       |       ||    74
         Searing Ray       |     6 |    18 |    25 |     7 |     7 |     4 |       |     1 |       ||    68
         Iskenderun's Myst |       |       |    59 |   148 |   135 |   111 |   133 |   145 |    22 ||   753
         Dazzling Flash    |       |       |     3 |     2 |       |       |       |       |       ||     5
         Fulminant Prism   |       |       |     1 |    11 |     3 |     5 |       |       |       ||    20
         Hailstorm         |       |       |       |    42 |     5 |       |     1 |       |       ||    48
         Orb of Destructio |       |       |       |       |   103 |   135 |    99 |    79 |    33 ||   449
         Conjure Ball Ligh |       |       |       |       |   106 |    14 |       |       |       ||   120
         Starburst         |       |       |       |       |    10 |    67 |   154 |    78 |    27 ||   336
         Arcjolt           |       |       |       |       |       |   153 |    26 |    20 |       ||   199
         Ignition          |       |       |       |       |       |    99 |   103 |    74 |    18 ||   294
         Yara's Violent Un |       |       |       |       |       |     2 |     2 |     9 |       ||    13
         Fire Storm        |       |       |       |       |       |       |    11 |   230 |    38 ||   279
         Chain Lightning   |       |       |       |       |       |       |       |    22 |    50 ||    72
         Passage of Golubr |       |       |       |       |       |       |       |     7 |    14 ||    21
Ability: Breathe Dispellin |       |       |    31 |    30 |    16 |    11 |    16 |    22 |     5 ||   131
  Evoke: Wand              |       |       |     1 |     6 |    20 |    24 |     8 |     2 |     1 ||    62
         Lightning rod     |       |       |       |     8 |     8 |     2 |     1 |       |       ||    19
         Box of beasts     |       |       |       |       |       |     1 |       |       |       ||     1
         Condenser vane    |       |       |       |       |       |     1 |     2 |       |     1 ||     4
         Phantom mirror    |       |       |       |       |       |     1 |     2 |       |       ||     3
         Phial of floods   |       |       |       |       |       |       |     1 |       |       ||     1
         Tin of tremorston |       |       |       |       |       |       |       |     2 |       ||     2
    Use: Scroll            |       |     3 |    12 |    12 |     5 |    19 |    12 |    15 |    30 ||   108
         Potion            |       |       |     1 |     5 |     2 |    14 |     9 |    22 |    21 ||    74
   Stab: Sleeping          |       |     3 |       |       |       |       |       |       |       ||     3
         Paralysed         |       |       |       |       |     1 |     1 |       |       |       ||     2
 Armour: Skin              |    18 |    27 |    90 |    75 |   124 |   410 |   134 |   176 |    69 ||  1123
  Dodge: Dodged            |    25 |    55 |   137 |   180 |   296 |   642 |   164 |   237 |    86 ||  1822
  Block: Buckler           |       |       |       |    67 |   177 |    21 |       |       |       ||   265
         Kite shield       |       |       |       |       |       |   622 |   331 |   336 |   145 ||  1434

Table legend: (Time is in decaauts)
 A = Elapsed time spent in this place.
 B = Non-inter-level travel time spent in this place.
 C = Inter-level travel time spent in this place.
 D = Time resting spent in this place.
 E = Time spent auto-exploring this place.
 F = Levels seen in this place.
 G = Mean time per level.
                   A        B        C        D        E       F      G
               +--------+--------+--------+--------+--------+-----+--------+
         Total |  74064 |  57564 |  16500 |  11738 |  29477 |  62 | 1194.6 |
       Dungeon |  19915 |  13733 |   6182 |   1060 |   9325 |  15 | 1327.7 |
        Temple |    212 |    174 |     38 |      0 |    161 |   1 |  212.0 |
          Lair |   9079 |   6739 |   2340 |   1315 |   3043 |   5 | 1815.8 |
        Shoals |   6866 |   5435 |   1431 |   1606 |   2173 |   4 | 1716.5 |
   Spider Nest |   7318 |   5400 |   1918 |   1516 |   2348 |   4 | 1829.5 |
    Slime Pits |   2798 |   2417 |    381 |    399 |   1573 |   5 |  559.6 |
  Orcish Mines |   2175 |   1810 |    365 |    640 |    690 |   2 | 1087.5 |
   Elven Halls |   4922 |   3774 |   1148 |    468 |   1920 |   3 | 1640.7 |
        Vaults |   9386 |   7759 |   1627 |   2058 |   4083 |   5 | 1877.2 |
        Depths |   8541 |   7474 |   1067 |   1947 |   3473 |   4 | 2135.2 |
          Hell |     15 |     15 |      0 |      0 |      0 |   1 |   15.0 |
           Zot |      1 |      1 |      0 |      0 |      0 |   1 |    1.0 |
         Abyss |   1896 |   1896 |      0 |    571 |    340 |   8 |  237.0 |
        Bazaar |     19 |     19 |      0 |      0 |      4 |   1 |   19.0 |
         Trove |     85 |     85 |      0 |      0 |      0 |   1 |   85.0 |
       Ossuary |    374 |    374 |      0 |      0 |    170 |   1 |  374.0 |
      Gauntlet |    454 |    454 |      0 |    156 |    170 |   1 |  454.0 |
               +--------+--------+--------+--------+--------+-----+--------+

Top non-repeatable levels by time:
Depths:3: 3557 daAuts
Spider:2: 2837 daAuts
  Lair:2: 2563 daAuts
Spider:1: 2506 daAuts
Vaults:4: 2451 daAuts
    D:11: 2308 daAuts
    D:12: 2306 daAuts
  Lair:5: 2233 daAuts
Shoals:3: 2058 daAuts
Depths:2: 2049 daAuts
Vaults:1: 1923 daAuts
Vaults:2: 1908 daAuts
Shoals:1: 1873 daAuts
   Elf:1: 1825 daAuts
Depths:4: 1712 daAuts
